 Dungeon Crawl Stone Soup version 0.31.0-12-g77e489cdc1 (webtiles) character file.

Game seed: 44462132507519994

179 boopmooplesden the Twirler (level 5, -1/42 HPs)
             Began as an Armataur Gladiator on Feb 12, 2024.
             Slain by Sigmund
             ... wielding a +0 scythe
              (4 damage)
             ... on level 2 of the Dungeon.
             The game lasted 00:01:34 (896 turns).

boopmooplesden the Twirler (Armataur Gladiator)      Turns: 896, Time: 00:01:34

Health: -1/42      AC:  5    Str: 21    XL:     5   Next: 32%
Magic:  5/5        EV: 10    Int:  9    God:
Gold:   56         SH:  0    Dex: 11    Spells: 4/4 levels left

rFire   . . .        a - +0 quarterstaff
rCold   + . .        (shield currently unavailable)
rNeg    . . .        b - +0 leather armour
rPois   .            c - +0 helmet
rElec   .            (no cloak)
rCorr   .            (no gloves)
SInv    .            (no barding)
Will    .....        (no amulet)
Stlth   +            g - ring of protection from cold
HPRegen 0.27/turn    (no ring)
MPRegen 0.09/turn

%: roll
@: confused
A: large, deformed body, tough skin 3, armoured tail, roll 1
a: no special abilities


You were on level 2 of the Dungeon.
You visited 1 branch of the dungeon, and saw 2 of its levels.

You collected 56 gold pieces.

Inventory:

Hand Weapons
 a - a +0 quarterstaff (weapon)
 n - a +3 club
Missiles
 e - a javelin
Armour
 b - a +0 leather armour (worn)
 c - a +0 helmet (worn)
Jewellery
 g - a ring of protection from cold (left hand)
Scrolls
 f - a scroll of amnesia {unknown}
 h - a scroll of teleportation {unknown}
 i - a scroll of enchant weapon {unknown}
 j - a scroll of noise {unknown}
 m - a scroll of immolation {unknown}
Potions
 k - a potion of curing {unknown}
 l - a potion of mutation {unknown}


   Skills:
 + Level 2.5 Fighting
 + Level 4.2 Staves
 + Level 1.8 Throwing
 + Level 2.2 Armour
 + Level 2.7 Dodging
 + Level 0.6 Stealth


You had 4 spell levels left.
You didn't know any spells.
Your spell library was empty.

Dungeon Overview and Level Annotations

Branches:
Dungeon (2/15)

Altars:

Annotations:
D:2 Sigmund


Innate Abilities, Weirdness & Mutations

Armour fits poorly on your strangely shaped body.
You have extremely tough skin. (AC +3)
You have a long armoured tail.
You regenerate magic when rolling toward enemies. (Rampage MPRegen)


Message History

Sigmund looks at you with fury.
Sigmund casts a spell.
Sigmund flickers and vanishes!
Deactivating autopickup; reactivate with Ctrl-A.
A hobgoblin comes into view.
A puff of flame appears from out of thin air!
The puff of flame hits you!
There is an open door here.
You feel less confused. Something hits you but does no damage.
Throw: 3 throwing nets
Press: ? - help, Q - select action, (/) - cycle Shift-Dir - straight line You throw a throwing net.
Throw: 2 throwing nets
Press: ? - help, Q - select action, (/) - cycle Shift-Dir - straight line You throw a throwing net.
Something hits you!
Throw: throwing net
Press: ? - help, Q - select action, (/) - cycle Shift-Dir - straight line You throw a throwing net.
Something completely misses you.
Unknown command.
There is an open door here.
Okay, then.
You closely miss something.
Your tail-slap misses something.
Something hits you. The hobgoblin closely misses you.
You closely miss something.
Your tail-slap misses something.
Something hits you. The hobgoblin hits you.
You miss something. The hobgoblin hits you.
You hear some strange, mumbled words.
A puff of flame appears from out of thin air!
The puff of flame hits you!
* * * LOW HITPOINT WARNING * * *
You miss something. You tail-slap something. The hobgoblin barely misses you.
You hear some strange, mumbled words.
You are confused.
You miss something.
The hobgoblin hits you but does no damage.
Something hits you.
You die...

#..?..... .. .......
.......###. ####...
......... #.... #...$...
#.... ###...... #....
#(...... ...... #......#
#+# .......
#.#.....{####.# )......
#..(....g@....# ...
##......#....# ...
########....### ####...
########..[..# #......
#[...###.#...####......
#..........#.#.........
#..........#...........
##......................
#...........####...##...


You could see a hobgoblin.

Vanquished Creatures
  An ogre (D:2)
  Jessica (D:2)
  3 adders (D:2)
  A dart slug (D:2)
  4 bats (D:1)
  7 endoplasms
  2 giant cockroaches (D:2)
  3 goblins
  4 hobgoblins
  2 kobolds
  3 quokkas
  3 ball pythons (D:1)
  A frilled lizard (D:1)
  3 rats (D:1)
38 creatures vanquished.

Notes
Turn   | Place    | Note
-------+----------+-------------------------------------------
     0 | D:1      | boopmooplesden the Armataur Gladiator began the quest for
                  | the Orb.
     0 | D:1      | Reached XP level 1. HP: 17/17 MP: 1/1
    53 | D:1      | Reached XP level 2. HP: 24/24 MP: 2/2
   134 | D:1      | Reached skill level 3 in Staves
   452 | D:2      | Reached XP level 3. HP: 29/29 MP: 3/3
   536 | D:2      | Reached skill level 1 in Armour
   611 | D:2      | Noticed an ogre
   616 | D:2      | Killed an ogre
   617 | D:2      | Reached skill level 4 in Staves
   617 | D:2      | Reached XP level 4. HP: 12/37 MP: 4/4
   617 | D:2      | Reached XP level 5. HP: 13/42 MP: 5/5
   843 | D:2      | Noticed Jessica
   850 | D:2      | Killed Jessica
   878 | D:2      | Noticed Sigmund
   894 | D:2      | HP: 2/42 [something/puff of flame (11)]
   896 | D:2      | Slain by Sigmund

Illustrated notes

Levels and vault maps discovered:
D:1:      amcnicky_arrival_double_pillar, layout_rooms
D:2:      layout_basic, uniq_jessica, uniq_sigmund

Skill      XL: |  1  2  3 |
---------------+----------+-----
Fighting       | 2 |  2.5
Staves         | 3 4 |  4.2
Armour         | 2 |  2.2
Throwing       | |  1.8
Dodging        | |  2.7
Stealth        | |  0.6

Action                     |  1- 3 |  4- 6 || total
---------------------------+-------+-------++-------
  Melee: Quarterstaff      |    76 |    14 ||    90
         Tailslap          |     4 |     3 ||     7
  Throw: Throwing net      |       |     3 ||     3
   Stab: Sleeping          |     2 |       ||     2
 Armour: Leather armour    |    44 |    15 ||    59
  Dodge: Dodged            |    39 |     3 ||    42
